[Event "Early-Titled-Tuesday-Blitz-October-17-2023"]
[Site "Chess.com"]
[Date "2023.10.17"]
[Round "6"]
[White "bescmelasti"]
[Black "adotand"]
[Result "0-1"]
[WhiteElo "2622"]
[BlackElo "2857"]
[TimeControl "180+1"]
[EndTime "9:12:30 PDT"]
[Termination "adotand won by resignation"]

1. e4 c5 2. Nf3 Nc6 3. Bb5 e6 4. O-O Nge7 5. Re1 h6 6. d4 cxd4 7. Nxd4 Qb6 8. Nxc6 bxc6 9. Bd3 Ng6 10. Nd2 Ne5 11. Nc4 Nxc4 12. Bxc4 Bc5 13. Qf3 O-O 14.
e5 Ba6 15. Bxa6 Qxa6 16. Be3 d6 17. Bxc5 dxc5 18. b3 Rfd8 19. Qc3 Rd5 20. g3 Rad8 21. a4 h5 22. Re4 g6 23. Kg2 Rd4 24. Rae1 R8d5 25.
h4 Qb6 26. R1e3 Kg7 27. Re2 a5 28. Qf3 Qd8 29. Rf4 Qc7 30. Rfe4 Qe7 31. Rf4 Kg8 32.
Ree4 Qc7 33. Re2 Kf8 34. Kh2 Ke8 35. Kg2 Rd7 36. g4 hxg4 37. Qxg4 R7d5 38. Qg5 Qe7 39. Kg3 Rb4 40. Rxb4 cxb4 41. Qxe7+ Kxe7 42. f4 Rc5 43. Kg4 Rc3 44. h5 gxh5+ 45. Kxh5 c5 46. Kg4 c4 47. bxc4 Rxc4 48. Kg5 Rc3 49. f5 Ra3 50. f6+ Ke8 51. Rh2 Rg3+ 52. Kf4 Rg8 53. Ke4 Kd7 54. Kd4 Kc6 55.
Rh7 Rf8 56. Kc4 Kb6 57. Rg7 Rc8+ 58. Kb3 Rc7 59. Rg8 Kc5 60. Rf8 Ra7 61. c3 bxc3 62.
Kxc3 Kd5 63. Rc8 Kxe5 64. Kc4 Kxf6 65. Kb5 e5 66. Kb6 Re7 67. Kxa5 e4 68. Rc1 Ke5 69. Re1 f5 70. Kb6 f4 71. a5 f3 72. a6 f2 73. Rf1 e3 74. a7 Rxa7 75. Kxa7 e2 76. Rxf2 e1=Q 77. Ra2 Qe3+ 78. Ka6 Qd3+ 79. Ka5 Qd5+ 0-1

[Event "Early-Titled-Tuesday-Blitz-October-17-2023"]
[Site "Chess.com"]
[Date "2023.10.17"]
[Round "6"]
[White "Nuvas"]
[Black "Lion-Al-Messi"]
[Result "1-0"]
[WhiteElo "2831"]
[BlackElo "2665"]
[TimeControl "180+1"]
[EndTime "9:12:32 PDT"]
[Termination "Nuvas won by checkmate"]

1. d4 d5 2. c4 c6 3. Nc3 Nf6 4. cxd5 cxd5 5. Bf4 Nc6 6. e3 Bg4 7. Qb3 Na5 8. Qa4+ Bd7 9. Qc2 e6 10. Bd3 Nc6 11. a3 Be7 12. h3 Rc8 13. Nf3 a6 14. O-O b5 15. Qe2 O-O 16. a4 Nb4 17. Bb1 bxa4 18.
Ne5 Be8 19. Rd1 Qb6 20. Nxa4 Qb5 21. Qxb5 Bxb5 22. Nc3 Bc4 23. Nxc4 Rxc4 24. g4 h6 25. Bd3 Nxd3 26. Rxd3 Rc6 27. Kg2 g5 28. Bg3 Rfc8 29. Ra2 Bb4 30. Na4 Ne4 31. Rb3 a5 32. Nc3 Nxc3 33. bxc3 Rxc3 34. Rbb2 Kg7 35. h4 gxh4 36. Bxh4 Kg6 37. Bg3 h5 38. gxh5+ Kxh5 39. Kf3 Kg6 40. Kg4 Rc1 41. Kf3 Kf5 42. Bf4 Rh8 43. Be5 Rh3+ 44.
Kg2 Rhh1 45. Rc2 Rcd1 46. Kf3 Rh3+ 47. Bg3 Rhh1 48. Rc7 f6 49. Rac2 a4 50. Rf7 a3 51.
Ra7 Rc1 52. Re2 Rhe1 53. Ra2 Rc3 54. Kg2 Rb1 55. Re2 Rcb3 56. Rc2 R3b2 57. Rc8 a2 58.
Rca8 Bd2 59. Kf3 Bxe3 60. Rxa2 Bxd4 61. R2a4 Rb3+ 62. Kg2 Be5 63. Bxe5 fxe5 64. Rf8+ Kg6 65. Rg4+ Kh7 66. Rf7+ Kh6 67. Rf6+ Kh5 68. Rg8 Rb7 69.
Rxe6 Re1 70. Reg6 Rf7 71. Rg3 Rh7 72. Rh3# 1-0

[Event "Early-Titled-Tuesday-Blitz-October-17-2023"]
[Site "Chess.com"]
[Date "2023.10.17"]
[Round "6"]
[White "AradNazari"]
[Black "zimmm36"]
[Result "1-0"]
[WhiteElo "2863"]
[BlackElo "2718"]
[TimeControl "180+1"]
[EndTime "9:12:33 PDT"]
[Termination "AradNazari won on time"]

1. e4 c6 2. Nf3 d5 3. Nc3 Bg4 4.
h3 Bxf3 5. Qxf3 e6 6. Be2 d4 7. Nb1 Bd6 8. O-O Nd7 9. g3 h5 10. d3 h4 11. g4 g5 12. c3 Ne5 13. Qg2 Ng6 14. cxd4 Bf4 15. Be3 Nf6 16. Nc3 O-O 17. Bf3 Qd7 18. Rfe1 Rfd8 19. e5 Nd5 20. Be4 Nde7 21.
Ne2 Nd5 22. Bxg6 Nxe3 23. fxe3 Bxe3+ 24. Kh2 fxg6 25. Qe4 Bxd4 26. Qxg6+ Qg7 27. Qxe6+ Kh8 28. Nxd4 Rxd4 29. Rf1 Rf4 30. Rxf4 gxf4 31. Rf1 Rf8 32. Kg2 Kh7 33. d4 Kh8 34. Qd6 Kh7 35. e6 Qg6 36.
Qxf8 Qe4+ 37. Rf3 Qe2+ 38. Rf2 Qe4+ 39. Kf1 Qh1+ 40. Ke2 Qe4+ 41. Kd1 Qb1+ 42. Kd2 Qxb2+ 43. Kd3 Qxf2 44. Qf7+ Kh6 45. Qf6+ Kh7 46. e7 Qe3+ 47. Kc4 Qc1+ 48. Kd3 Qb1+ 49. Kc3 Qc1+ 50. Kb4 Qb2+ 51. Kc5 Qa3+ 52. Kc4 Qxa2+ 53. Kd3 Qb1+ 54. Ke2 Qe4+ 55. Kd2 Qe3+ 56. Kc2 Qe2+ 57. Kb3 Qe3+ 58. Kc4 Qc1+ 59. Kd3 Qe3+ 60. Kc4 Qc1+ 61. Kb3 Qb1+ 62. Kc3 Qc1+ 63. Kd3 Qe3+ 64. Kc2 Qe2+ 65. Kb3 Qe3+ 66. Kb4 Qd2+ 67. Kc5 Qa5+ 68. Kd6 Qd5+ 69. Kc7 Qa5+ 70. Kc8 Qe1 71. Qf7+ 1-0

[Event "Early-Titled-Tuesday-Blitz-October-17-2023"]
[Site "Chess.com"]
[Date "2023.10.17"]
[Round "6"]
[White "nelsi"]
[Black "Shuvalov"]
[Result "0-1"]
[WhiteElo "2286"]
[BlackElo "2504"]
[TimeControl "180+1"]
[EndTime "9:12:34 PDT"]
[Termination "Shuvalov won by checkmate"]

1. e4 e6 2. Nf3 d5 3. e5 c5 4. b4 cxb4 5. a3 bxa3 6. Rxa3 Nc6 7. d4 Bd7 8. c3 Rc8 9. Bd3 a5 10. Rb3 Qc7 11. Na3 Na7 12. O-O Ba4 13. Nb5 Nxb5 14. Bxb5+ Bxb5 15. Rxb5 h6 16. Qa4 Qd7 17. Qxa5 Ne7 18.
Ba3 Nc6 19. Qa4 Bxa3 20. Qxa3 Ne7 21. Rfb1 Rb8 22. Rxb7 Rxb7 23. Qa8+ Qc8 24. Qxb7 Qxb7 25. Rxb7 Kd8 26. Kf1 Re8 27. Ke2 Kc8 28. Ra7 Kb8 29.
Ra4 Nc6 30. Kd3 Kc7 31. Ne1 Rb8 32. Kc2 Kb6 33. Nd3 Rc8 34. f4 g5 35. g3 Kb5 36. Ra1 Nxd4+ 37. Kb2 Ne2 38. Ra7 Rxc3 39. Nf2 gxf4 40. gxf4 Rf3 41. Rxf7 Rxf2 42. Kb3 Nd4+ 43. Kc3 Nc6 44. Rf6 Rf3+ 45. Kd2 Nd4 46. Rxh6 Rxf4 47.
h4 Kc4 48. Rh8 Rf2+ 49. Ke3 Rh2 50. Rc8+ Kb5 51. Kxd4 Rxh4+ 52. Kd3 Re4 53. Rb8+ Kc6 54. Rc8+ Kd7 55. Rh8 Rxe5 56. Rh4 Kd6 57. Ra4 Rh5 58. Ke3 Rh3+ 59. Kd2 Ke5 60. Rg4 d4 61. Rg8 Kd5 62. Rd8+ Ke4 63. Rg8 e5 64. Rg4+ Kd5 65. Ke2 Re3+ 66.
Kd2 Re4 67. Rg8 Rh4 68. Rd8+ Ke4 69. Rg8 Rh2+ 70. Ke1 Kd3 71. Rg3+ Kc4 72. Ra3 e4 73. Ra4+ Kc3 74. Ra3+ Kb4 75. Rg3 e3 76. Kd1 Kc3 77. Rg1 Ra2 78. Kc1 Ra1# 0-1

[Event "Early-Titled-Tuesday-Blitz-October-17-2023"]
[Site "Chess.com"]
[Date "2023.10.17"]
[Round "6"]
[White "Maitreia"]
[Black "bascheyaro"]
[Result "1/2-1/2"]
[WhiteElo "2699"]
[BlackElo "2839"]
[TimeControl "180+1"]
[EndTime "9:12:35 PDT"]
[Termination "Game drawn - insufficient material"]

1. c4 e6 2. Nf3 d5 3. g3 Nf6 4. b3 Be7 5. Bb2 O-O 6. Bg2 Nbd7 7.
O-O c6 8. d3 b6 9. Nc3 c5 10. cxd5 Nxd5 11. Nxd5 exd5 12. d4 Bb7 13. Qd2 Rc8 14. Rac1 c4 15. Ne5 cxb3 16. Nxd7 Qxd7 17. axb3 Rxc1 18. Rxc1 Rc8 19. e3 a5 20. h4 h5 21.
Kh2 f5 22. Bf3 g6 23. Qd3 Rxc1 24. Bxc1 b5 25. Be2 Bc6 26. Bd2 Qd8 27. Qc3 Qb6 28.
Qxa5 Qxa5 29. Bxa5 Kf7 30. Kg2 Bd6 31. Kf1 Ke6 32.
Ke1 Kd7 33. Kd2 b4 34. Ba6 Be7 35. Bb6 Bd6 36. Kd3 Be7 37. Bc5 Bd6 38. Kd2 Be7 39. Be2 Bd6 40. Ba6 Be7 41. Bc8+ Ke8 42.
Be6 Bf8 43. f3 Be7 44. Ke2 Bb5+ 45. Kf2 Bc4 46. Ke1 Bxb3 47. Kd2 Bc4 48. Kc2 b3+ 49. Kc3 Bd8 50. Bb4 f4 51. exf4 Bb6 52. Bc5 Ba5+ 53. Kb2 Be1 54. f5 gxf5 55. Bxf5 Kf7 56. g4 hxg4 57.
Bxg4 Bxh4 58. f4 Bg3 59. Bd1 Bxf4 60. Bxb3 Bxb3 61. Kxb3 Ke6 62. Kc3 Kf5 63. Kd3 Bc7 64. Bb4 Bb6 65. Bd2 Bd8 66. Be3 Be7 67. Bd2 Bf6 68. Be3 Bh4 69. Bd2 Bf2 70. Bc3 Kf4 71.
Bd2+ Kf3 72. Bc3 Be3 73. Be1 Bc1 74. Bb4 Bb2 75. Bc5 Kf4 76. Bb4 Kf5 77. Bc5 Bxd4 78. Kxd4 Kg6 79. Kxd5 1/2-1/2

[Event "Early-Titled-Tuesday-Blitz-October-17-2023"]
[Site "Chess.com"]
[Date "2023.10.17"]
[Round "6"]
[White "Arystanner"]
[Black "vladgoncharov"]
[Result "1-0"]
[WhiteElo "2805"]
[BlackElo "2569"]
[TimeControl "180+1"]
[EndTime "9:12:39 PDT"]
[Termination "Arystanner won on time"]

1. e4 e6 2. d4 d5 3. Nc3 Bb4 4. e5 c5 5. a3 Bxc3+ 6. bxc3 Qc7 7. a4 Ne7 8. Nf3 b6 9. Bb5+ Bd7 10. Bd3 h6 11.
O-O Nbc6 12. Ba3 Na5 13. Re1 Rc8 14. Qc1 O-O 15. dxc5 bxc5 16. Ba6 Rb8 17. Qe3 Qb6 18. Bxc5 Qxa6 19. Bxe7 Rfe8 20. Bd6 Rbc8 21. Bb4 Nc4 22. Qf4 Qb7 23. a5 a6 24. h4 Bb5 25. Nd4 Qc7 26.
h5 f5 27. Qg3 Qf7 28. Qh4 Bd7 29.
f4 Nd2 30. Re3 Ne4 31. Kh2 Rc4 32. Rg1 Rb8 33. Ne2 d4 34. Rd3 dxc3 35. Be7 Be8 36. Rh3 Rb7 37. Bd6 Nxd6 38. exd6 e5 39. Rd1 Rd7 40. Re3 Qxh5 41. Qxh5 Bxh5 42. Rxe5 Bxe2 43. Rxe2 Kf7 44. Kg3 Rc6 45. Re5 Rcxd6 46. Rxf5+ Kg6 47. Rxd6+ Rxd6 48. Rc5 Kh7 49. Rxc3 Rd5 50. Ra3 Rc5 51. c3 Kg6 52. Kf3 Kf5 53. g4+ Ke6 54. Ke3 Kd5 55.
Kd3 Kc6 56. c4 h5 57. g5 h4 58.
Rb3 Rxa5 59. Rb8 h3 60. Kd4 Ra3 61. Rh8 Rf3 62. Ke4 Rc3 63. Kd4 Rf3 64. Ke5 a5 65. f5 a4 66. Ke4 Rg3 67. f6 gxf6 68. gxf6 Rg4+ 69. Ke5 Rg5+ 70. Ke6 Rg6 71. Rxh3 Kc5 72.
Rh4 Rg1 73. f7 Re1+ 74. Kf5 Rf1+ 75. Rf4 1-0

[Event "Early-Titled-Tuesday-Blitz-October-17-2023"]
[Site "Chess.com"]
[Date "2023.10.17"]
[Round "6"]
[White "lefonghua"]
[Black "MMAHDI2013"]
[Result "1-0"]
[WhiteElo "2657"]
[BlackElo "2474"]
[TimeControl "180+1"]
[EndTime "9:12:53 PDT"]
[Termination "lefonghua won on time"]

1. d4 Nf6 2. c4 e6 3. Nc3 Bb4 4. f3 d5 5. a3 Bxc3+ 6. bxc3 c5 7. cxd5 Nxd5 8. dxc5 f5 9. Nh3 O-O 10. Nf4 Nxc3 11.
Qb3 Nd5 12. Nxd5 Qxd5 13. Qxd5 exd5 14. Bf4 Nc6 15. Rd1 Be6 16. e3 Rfc8 17. Bd6 b6 18. cxb6 axb6 19. Bb5 Na5 20. Bb4 Nc4 21. Bxc4 Rxc4 22.
O-O Rac8 23. Rd2 Rc2 24. Rfd1 Rxd2 25. Rxd2 Kf7 26. Kf2 g5 27. Bd6 Rc6 28. Be5 h5 29.
Rb2 Bd7 30. Ke2 Re6 31. Bd4 b5 32. Kd2 Ra6 33. Rb3 Ke6 34. Rc3 h4 35. Kc2 Ra4 36. Kb3 Rc4 37. Rd3 Rc1 38. Rd2 Rf1 39.
h3 Rb1+ 40. Kc3 Rc1+ 41. Kb4 Rc4+ 42. Kb3 Rc1 43. Bb2 Rc4 44. Bc3 Bc6 45. Ba5 g4 46.
Bd8 gxf3 47. gxf3 Kd7 48. Bg5 Rc1 49. Bxh4 Rh1 50. Bf6 Rxh3 51. Rf2 d4 52. Bxd4 Rxf3 53. Rh2 Rf1 54. Rh7+ Ke6 55. Rh6+ Kd5 56. Kc3 Rc1+ 57. Kd2 Rc4 58. Rh8 Ra4 59. Rd8+ Ke6 60. Bc5 f4 61.
Rd6+ Kf5 62. Rxc6 f3 63. Bb4 Ra8 64. Rc5+ Kg4 65. Rc7 Rh8 66. Rg7+ Kf5 67. Rf7+ Kg4 68. Bd6 Rh1 69. Rf4+ Kg3 70. Rb4+ Kg2 71. Rg4+ Kf2 72.
Bg3+ Kf1 73. Rf4 Kg2 74. Be1 Rf1 75. e4 1-0

[Event "Early-Titled-Tuesday-Blitz-October-17-2023"]
[Site "Chess.com"]
[Date "2023.10.17"]
[Round "6"]
[White "Aslanov_Umid"]
[Black "azikom"]
[Result "1-0"]
[WhiteElo "2527"]
[BlackElo "2619"]
[TimeControl "180+1"]
[EndTime "9:13:05 PDT"]
[Termination "Aslanov_Umid won on time"]

1. e4 c5 2. Nf3 e6 3. d4 cxd4 4. Nxd4 a6 5. Bd3 Nc6 6. Nxc6 bxc6 7. O-O d5 8. c4 Nf6 9. cxd5 cxd5 10. exd5 Nxd5 11.
Nc3 Bb7 12. Qa4+ Qd7 13. Qxd7+ Kxd7 14. Nxd5 Bxd5 15. Bd2 Be7 16. Bc3 Bf6 17. Bxf6 gxf6 18. Rfc1 Rhb8 19. b3 a5 20. Bxh7 f5 21. Rd1 Kd6 22.
Rd3 Rh8 23. Bxf5 Rag8 24. Be4 Rh4 25. Bxd5 exd5 26. Rad1 Rg5 27. g3 Re4 28. Kg2 a4 29. h4 Rf5 30. R1d2 axb3 31. axb3 Rb4 32. f4 Kc5 33.
Kf3 d4 34. g4 Rf6 35. g5 Rfb6 36. Rb2 Kd5 37. h5 Ra6 38. h6 Ra1 39. Rh2 Ra8 40.
Rh5 Ke6 41. Ke4 f5+ 42. Kf3 Kf7 43. Rh1 Rab8 44. Rb1 Kg6 45. Ke2 Re8+ 46. Kd2 Re4 47. Rh1 Rb7 48. Rh4 Rbe7 49. Kc2 Re2+ 50. Rd2 Rc7+ 51.
Kd1 Re4 52. b4 Rb7 53. b5 Kh7 54. Rb2 d3 55. Rb3 Rd4 56. Kd2 Ra7 57. Ke3 Rd5 58.
Rxd3 Re7+ 59. Kd2 Rxb5 60. Rd6 Rb8 61. g6+ Kg8 62. Rd5 Re6 63. Rxf5 Rxg6 64. Rg5 Rb6 65. Ke3 Kh7 66. Ke4 Rxh6 67. Rxh6+ Kxh6 68. Rg2 Rb8 69. Ke5 Re8+ 70. Kf5 Rf8+ 71. Ke5 Re8+ 72. Kd5 Kh7 73. f5 Re1 74. f6 Re3 75. Rg5 Re1 76.
Kd6 Re2 77. Kd7 1-0

[Event "Early-Titled-Tuesday-Blitz-October-17-2023"]
[Site "Chess.com"]
[Date "2023.10.17"]
[Round "6"]
[White "Djager97"]
[Black "sorch29"]
[Result "1/2-1/2"]
[WhiteElo "2603"]
[BlackElo "2410"]
[TimeControl "180+1"]
[EndTime "9:13:37 PDT"]
[Termination "Game drawn by stalemate"]

1. e4 c5 2. Nc3 Nc6 3. Nge2 Nf6 4. g3 h5 5. d4 cxd4 6. Nxd4 h4 7. Bg2 hxg3 8. hxg3 Rxh1+ 9. Bxh1 Qb6 10. Be3 Qxb2 11. Ndb5 Qb4 12. Qd2 Qa5 13. Nd5 Qxd2+ 14. Kxd2 Kd8 15.
Nxa7 d6 16. Nxc8 Rxc8 17. Rb1 Rb8 18. Nxf6 gxf6 19. f4 e6 20. e5 d5 21. exf6 Kc8 22. Bf3 Ra8 23. Rh1 Kc7 24. Rh7 Nd8 25. Bh5 Bb4+ 26. Ke2 Rxa2 27. Bxf7 Rxc2+ 28. Kf3 Rc3 29. Bxe6+ Kd6 30. Bf5 Rc7 31. Rxc7 Kxc7 32. g4 Nf7 33. g5 Kd8 34. g6 Nh6 35. g7 Bc3 36. Be6 Bxf6 37.
Bxd5 Bxg7 38. Bxb7 Nf5 39. Bf2 Ke7 40. Be4 Ke6 41.
Kg4 Nh6+ 42. Kg5 Ng8 43. Kg6 Bc3 44. f5+ Kd7 45. Bg3 Ne7+ 46. Kf7 Nxf5 47. Bxf5+ Kc6 48. Be6 Kc5 49. Ke7 Bd4 50. Bd6+ Kb6 51. Kd7 Bc5 52. Be5 Ka7 53. Bd5 Bg1 54. Kc6 Ka6 55. Bc3 Bf2 56. Bc4+ Ka7 57. Bb5 Bg1 58. Ba5 Bf2 59. Bc7 Bg1 60. Kd7 Bb6 61. Bd6 Kb7 62. Bc6+ Ka6 63. Kc8 Bg1 64. Kc7 Ka7 65. Bb4 Ka6 66. Bb7+ Ka7 67. Kc8 Bb6 68. Bd6 Bg1 69. Be5 Kb6 70.
Bb8 Ka5 71. Kc7 Kb4 72. Kc6 Kc3 73. Bd6 Kd2 74. Kd5 Ba7 75. Ba6 Ke3 76. Be5 Bb6 77. Bc8 Ba7 78. Bf5 Bb6 79. Bf6 Kf4 80. Be6 Ba7 81. Be5+ Ke3 82. Bd4+ Kf4 83. Bxa7 Kg5 84. Bd4 Kf4 85. Be5+ Kf3 86. Bf5 Ke2 87. Kd4 Kd1 88.
Be4 Kc1 89. Kc3 Kd1 90. Bf4 Ke1 91. Kd3 Kd1 92. Bf3+ Ke1 93. Be3 Kf1 94. Be2+ Ke1 95.
Bg4 Kf1 96. Kd2 Kg2 97. Bf4 Kg1 98. Ke2 Kg2 99. Ke1 Kg1 100. Bf3 1/2-1/2

[Event "Early-Titled-Tuesday-Blitz-October-17-2023"]
[Site "Chess.com"]
[Date "2023.10.17"]
[Round "7"]
[White "dontcatchmeifyoucant"]
[Black "nelsi"]
[Result "0-1"]
[WhiteElo "2131"]
[BlackElo "2292"]
[TimeControl "180+1"]
[EndTime "9:15:02 PDT"]
[Termination "nelsi won by resignation"]

1. e4 e5 2. Nf3 Nc6 3. Bb5 Nge7 4. O-O Ng6 5. c3 Be7 6. d4 exd4 7. cxd4 d5 8. exd5 Qxd5 9. Nc3 Qh5 10. Nb1 Qxb5 0-1

[Event "Early-Titled-Tuesday-Blitz-October-17-2023"]
[Site "Chess.com"]
[Date "2023.10.17"]
[Round "7"]
[White "CuattroPrincesses"]
[Black "pineapplepenn"]
[Result "0-1"]
[WhiteElo "2271"]
[BlackElo "2413"]
[TimeControl "180+1"]
[EndTime "9:16:05 PDT"]
[Termination "pineapplepenn won by resignation"]

1. e4 d6 2. d4 Nf6 3. Nc3 g6 4.
f3 Bg7 5. Be3 c6 6. Qd2 b5 7. a4 b4 8. Nce2 a5 9. Nc1 Nbd7 10.
Nb3 Nb6 11. Bd3 Be6 12. Ne2 Nc4 13. Bxc4 Bxc4 14. O-O O-O 15. Rfd1 Qc7 16. Bh6 Bxh6 17.
Qxh6 Bxe2 0-1

[Event "Early-Titled-Tuesday-Blitz-October-17-2023"]
[Site "Chess.com"]
[Date "2023.10.17"]
[Round "7"]
[White "lolo9292"]
[Black "ozates"]
[Result "1-0"]
[WhiteElo "2219"]
[BlackElo "2716"]
[TimeControl "180+1"]
[EndTime "9:16:20 PDT"]
[Termination "lolo9292 won by resignation"]

1. Nf3 c5 2. e4 Nc6 3. Nc3 e5 4. Bc4 Be7 5. d3 d6 6. a4 Bg4 7. h3 Bh5 8. Nd5 Nf6 9. c3 Nxd5 10. Bxd5 O-O 11. Be3 Kh8 12. g4 Bg6 13. Qe2 Rb8 14.
h4 f6 15. h5 Bf7 16. Nh4 Bxd5 17. exd5 Na5 18. Qf3 Nc4 19. dxc4 1-0

[Event "Early-Titled-Tuesday-Blitz-October-17-2023"]
[Site "Chess.com"]
[Date "2023.10.17"]
[Round "7"]
[White "ChessQueen"]
[Black "emeli_chess"]
[Result "1-0"]
[WhiteElo "2701"]
[BlackElo "2405"]
[TimeControl "180+1"]
[EndTime "9:16:41 PDT"]
[Termination "ChessQueen won by resignation"]

1. e4 e5 2. Nf3 Nc6 3. Bb5 a6 4. Ba4 Nf6 5. d4 exd4 6. O-O Be7 7. e5 Ne4 8. Nxd4 Nc5 9. Nf5 O-O 10. Qg4 g6 11.
Bxc6 dxc6 12. Nxe7+ Qxe7 13. Qg3 f6 14. exf6 Qxf6 15.
Nc3 Qd6 16. Qh4 Bf5 17. Bh6 Rfd8 18. Rad1 Qe6 19. Rxd8+ 1-0

[Event "Early-Titled-Tuesday-Blitz-October-17-2023"]
[Site "Chess.com"]
[Date "2023.10.17"]
[Round "7"]
[White "Semetey"]
[Black "LeRoidesChampions"]
[Result "0-1"]
[WhiteElo "2546"]
[BlackElo "2698"]
[TimeControl "180+1"]
[EndTime "9:16:53 PDT"]
[Termination "LeRoidesChampions won by resignation"]

1. a3 e5 2. c4 Nf6 3. Nc3 c6 4. g3 Bc5 5. Bg2 O-O 6. e3 d5 7. d4 exd4 8. exd4 Bb6 9. cxd5 cxd5 10. Nge2 Nc6 11. O-O Bf5 12. Na4 Rc8 13. Be3 Na5 14. Nec3 Nc4 15. Nxb6 Qxb6 16. Nxd5 Nxd5 17. Bxd5 Qxb2 18.
Bxb7 Qxb7 0-1

[Event "Early-Titled-Tuesday-Blitz-October-17-2023"]
[Site "Chess.com"]
[Date "2023.10.17"]
[Round "7"]
[White "Gyulamiryan-koryun"]
[Black "sterpfi"]
[Result "0-1"]
[WhiteElo "1927"]
[BlackElo "2151"]
[TimeControl "180+1"]
[EndTime "9:17:46 PDT"]
[Termination "sterpfi won by checkmate"]

1. e4 c6 2. Nc3 d5 3. Nf3 dxe4 4. Nxe4 Nf6 5. Ng3 h5 6. h4 Bg4 7. Be2 Nbd7 8. d4 e6 9. c3 Bd6 10. Nh2 Bxe2 11. Qxe2 Qc7 12. Nhf1 O-O-O 13. b4 e5 14. Nf5 exd4 15. Nxd6+ Qxd6 16. Qc4 Rhe8+ 17. Kd2 dxc3+ 18. Kxc3 Nb6 19. Qf4 Qd3+ 20. Kb2 Na4# 0-1

[Event "Early-Titled-Tuesday-Blitz-October-17-2023"]
[Site "Chess.com"]
[Date "2023.10.17"]
[Round "7"]
[White "MightyGMpretender"]
[Black "Maitreia"]
[Result "1-0"]
[WhiteElo "2836"]
[BlackElo "2694"]
[TimeControl "180+1"]
[EndTime "9:17:48 PDT"]
[Termination "MightyGMpretender won by resignation"]

1. c4 c5 2. Nc3 Nc6 3. Nf3 g6 4.
e3 Nf6 5. d4 cxd4 6. exd4 d5 7.
cxd5 Nxd5 8. Qb3 Nxc3 9. Bc4 Nd5 10. Bxd5 e6 11. Bxc6+ bxc6 12. O-O Bg7 13. Bg5 Qd5 14. Qe3 O-O 15. Bh6 Rb8 16. Bxg7 Kxg7 17. b3 f6 18. Rac1 Rb5 19. Rfe1 Rd8 20. Rc4 Ra5 21. Rc2 Rd6 22.
Rec1 e5 23. dxe5 fxe5 24. h3 e4 25. Rd2 Qe6 26. Rxd6 Qxd6 27. Qc3+ Kh6 28. Qxa5 exf3 29. Qxa7 fxg2 30. Qe3+ Kg7 31. Qc3+ Kh6 32. Qxc6 Qd2 33. Qxc8 1-0

[Event "Early-Titled-Tuesday-Blitz-October-17-2023"]
[Site "Chess.com"]
[Date "2023.10.17"]
[Round "7"]
[White "arminmusovic"]
[Black "Kildepiotr"]
[Result "0-1"]
[WhiteElo "2488"]
[BlackElo "2636"]
[TimeControl "180+1"]
[EndTime "9:17:49 PDT"]
[Termination "Kildepiotr won by resignation"]

1. a3 g6 2. Nc3 Bg7 3. e4 c6 4. Bc4 e6 5. Ba2 d5 6. d3 Nf6 7. Bd2 O-O 8. Nge2 dxe4 9. dxe4 e5 10. O-O Qc7 11. Qc1 Nbd7 12. Bh6 Nc5 13. Bxg7 Kxg7 14.
f3 Be6 15. Qe3 Bxa2 16. Rxa2 Ne6 17. Raa1 Rfd8 18. Rae1 Qb6 19. Qxb6 axb6 20. Kf2 Nd7 21. Rd1 b5 22. Rd2 Nb6 23. Rxd8 Rxd8 24. Rd1 Ra8 25. Rh1 Nc4 26. Nd1 Kf6 27. g3 Rd8 28. b3 Nxa3 29.
Ne3 Ke7 30. Rc1 b4 31. Ke1 Nd4 32. Nxd4 exd4 33. Nd1 d3 34. cxd3 Rxd3 35. Ke2 Rxb3 36. Rc5 Nb5 37. Re5+ Kd6 38. f4 Nc3+ 39. Nxc3 Rxc3 40.
Re8 b3 41. Kd2 Rc2+ 42. Kd3 Rxh2 43. e5+ Kc5 44. Rc8 b2 45. Rxc6+ 0-1

[Event "Early-Titled-Tuesday-Blitz-October-17-2023"]
[Site "Chess.com"]
[Date "2023.10.17"]
[Round "7"]
[White "MikaelyanArman"]
[Black "Hasangatin_Ramil"]
[Result "1-0"]
[WhiteElo "2867"]
[BlackElo "2721"]
[TimeControl "180+1"]
[EndTime "9:17:59 PDT"]
[Termination "MikaelyanArman won by resignation"]

1. d4 d6 2. Nf3 Bg4 3. e4 Nf6 4. Bd3 Nbd7 5. Nc3 e5 6. Be3 Be7 7. h3 Bh5 8. g4 Bg6 9. Qe2 c6 10.
O-O-O b5 11. g5 Nh5 12. Kb1 Qa5 13. d5 b4 14. dxc6 bxc3 15. cxd7+ Kxd7 16. Bb5+ Kc7 17. Qc4+ Kb8 18. Rd5 a6 19. Bc6 Qc7 20. Qb3+ Kc8 21. Bxa8 Kd7 22. Nxe5+ 1-0

[Event "Early-Titled-Tuesday-Blitz-October-17-2023"]
[Site "Chess.com"]
[Date "2023.10.17"]
[Round "7"]
[White "Zurability"]
[Black "Keeper0416"]
[Result "1-0"]
[WhiteElo "2750"]
[BlackElo "2598"]
[TimeControl "180+1"]
[EndTime "9:17:59 PDT"]
[Termination "Zurability won by resignation"]

1. Nf3 b5 2. e3 a6 3. b3 Nf6 4. c4 c6 5. d4 d5 6. Bd3 g6 7. O-O Bg7 8. Ba3 O-O 9. Nbd2 Bb7 10. Rc1 Re8 11. cxd5 cxd5 12. Ne5 Nfd7 13. f4 f6 14. Nxg6 hxg6 15. Bxg6 Nc6 16. Qh5 b4 17. Bf7+ Kf8 18. Be6 1-0

[Event "Early-Titled-Tuesday-Blitz-October-17-2023"]
[Site "Chess.com"]
[Date "2023.10.17"]
[Round "7"]
[White "DKmirl"]
[Black "beccrajoy"]
[Result "1-0"]
[WhiteElo "2278"]
[BlackElo "2004"]
[TimeControl "180+1"]
[EndTime "9:18:13 PDT"]
[Termination "DKmirl won by resignation"]

1. d4 d5 2. Nf3 Nf6 3. g3 c5 4. Bg2 Nc6 5. O-O Bg4 6. c3 e6 7. b3 Be7 8. Bb2 O-O 9. Nbd2 Rc8 10. Ne5 Nd7 11. Nxg4 f6 12. e4 Nb6 13. exd5 exd5 14. Ne3 cxd4 15. cxd4 Kh8 16. a3 f5 17. Nf3 Bf6 18.
Ne5 Qd6 19. Nxc6 bxc6 20. Nxf5 Qb8 21. Ne3 Rce8 22. Ng4 Bg5 23. Ne5 Bf6 24. Nxc6 Qd6 25. Nb4 Re6 26. Nd3 Rfe8 27. Re1 h6 28. Rxe6 Rxe6 29.
Nf4 Re8 30. a4 a5 31. Ba3 Qd7 32. Bc5 1-0

[Event "Early-Titled-Tuesday-Blitz-October-17-2023"]
[Site "Chess.com"]
[Date "2023.10.17"]
[Round "7"]
[White "Khromkin"]
[Black "HanSchut"]
[Result "1-0"]
[WhiteElo "2523"]
[BlackElo "2323"]
[TimeControl "180+1"]
[EndTime "9:18:16 PDT"]
[Termination "Khromkin won by resignation"]

1. d4 Nf6 2. c4 g6 3. Nf3 Bg7 4.
Nc3 d5 5. cxd5 Nxd5 6. g3 c5 7. Bg2 O-O 8. O-O Nc6 9. Nxd5 Qxd5 10. Be3 cxd4 11. Nxd4 Qd7 12. Nxc6 bxc6 13. Qa4 Bb7 14. Rad1 Qe6 15. b3 a5 16. Rd2 Bc3 17. Rc2 Bb4 18.
Bxc6 Bxc6 19. Qxc6 Qxc6 20. Rxc6 a4 21. Rc4 Rfb8 22.
bxa4 Rxa4 23. Rb1 Kg7 24. Rb2 Bd6 25. Rxa4 Rxb2 26. Bd4+ 1-0

[Event "Early-Titled-Tuesday-Blitz-October-17-2023"]
[Site "Chess.com"]
[Date "2023.10.17"]
[Round "7"]
[White "cristiano78"]
[Black "Balla_Tamas"]
[Result "0-1"]
[WhiteElo "2256"]
[BlackElo "2396"]
[TimeControl "180+1"]
[EndTime "9:18:42 PDT"]
[Termination "Balla_Tamas won by resignation"]

1. d4 d5 2. c4 e6 3. Nf3 c5 4. cxd5 exd5 5. Nc3 Nc6 6. g3 Nf6 7. Bg5 Be7 8. Bg2 cxd4 9. Nxd4 Be6 10. O-O O-O 11.
Rc1 h6 12. Bxf6 Bxf6 13. Nxc6 bxc6 14. b3 Rc8 15. Na4 Qa5 16. Rc5 Qa6 17. Qc2 Bd4 18. e3 Bxc5 19. Nxc5 Qa3 20. Rd1 Rb8 21. Rd4 Rb4 22.
Rxb4 Qxb4 23. Qc1 d4 24. exd4 Qxd4 25. a3 Rd8 26. Bxc6 Rc8 27. Nxe6 fxe6 28. b4 a6 0-1

[Event "Early-Titled-Tuesday-Blitz-October-17-2023"]
[Site "Chess.com"]
[Date "2023.10.17"]
[Round "7"]
[White "supereagles1201"]
[Black "midedu"]
[Result "1-0"]
[WhiteElo "2358"]
[BlackElo "2009"]
[TimeControl "180+1"]
[EndTime "9:18:45 PDT"]
[Termination "supereagles1201 won by resignation"]

1. d4 Nf6 2. Bg5 e6 3. e4 d6 4. Bd3 Be7 5. Nd2 a6 6. Ngf3 Nbd7 7. O-O c5 8. c3 b5 9. e5 Nd5 10. Bxe7 Qxe7 11. Ne4 dxe5 12. dxe5 O-O 13. Re1 Nf4 14. Bc2 Bb7 15. g3 Ng6 16. Ned2 Rad8 17. Qe2 Nb6 18. h4 Rfe8 19. h5 Nf8 20. h6 g6 21. Be4 f5 22. exf6 Qc7 23. Ng5 Rd7 24. Bxb7 Qxb7 25. Nde4 Qc7 26. f7+ Rxf7 27. Nxf7 Kxf7 28.
Qf3+ 1-0

[Event "Early-Titled-Tuesday-Blitz-October-17-2023"]
[Site "Chess.com"]
[Date "2023.10.17"]
[Round "7"]
[White "NM_Antelacus"]
[Black "OLDTERMINATOR"]
[Result "1-0"]
[WhiteElo "2087"]
[BlackElo "1637"]
[TimeControl "180+1"]
[EndTime "9:18:45 PDT"]
[Termination "NM_Antelacus won on time"]

1. e4 e6 2. d4 d5 3. e5 c5 4. c3 Nc6 5. Nf3 Qb6 6. a3 c4 7. Be2 Bd7 8. O-O Nge7 9. Nbd2 Na5 10. Re1 Nf5 11. Bf1 Be7 12. g3 Rc8 13. Bg2 h5 14. h4 Nh6 15. Qc2 Ng4 16. Nf1 g6 17. Ne3 Nxe3 18. Bxe3 Qb3 19. Qe2 Rc6 20. Rad1 Rb6 21. Rd2 Qa4 22. Bg5 Nb3 23. Rdd1 Bf8 24. Bf6 Rh7 25. Ng5 Rg7 26. Bxg7 Bxg7 27. Qf3 1-0